Map: Zen ER

Players

hyyy

  • Race: Terran Terran
  • League: Platinum
  • Spawn Location: 7:00

kers - Winner!

  • Race: Protoss Protoss
  • League: Platinum
  • Spawn Location: 1:00

VOD

Have the link to the VOD?

Description

Time

  • Played on: March 4, 2020, 1:11 p.m.
  • Length: 16:20
Show
View Real Time Build Order
Export as new Build Order

hyyy Terran 

Build Orders:  

Get SALT Encoding   

  12  0:01  SCV  
  13  0:13  SCV  
  14  0:17  Supply Depot  
  14  0:25  SCV  
  15  0:39  SCV  
  15  0:41  Barracks  
  16  1:01  SCV  
  17  1:06  Refinery  
  17  1:13  SCV  
  18  1:27  Orbital Command  
  18  1:28  Marine  
  18  1:30  Supply Depot  
  19  1:50  Command Center  
  19  1:52  Marine  
  20  1:59  SCV  
  21  2:10  Marine  
  22  2:16  Refinery  
  22  2:17  SCV  
  23  2:29  SCV  
  24  2:41  SCV  
  24  2:42  Barracks Reactor  
  25  2:57  Bunker  
  25  3:07  Factory  
  25  3:08  Barracks  
  25  3:09  SCV  
  26  3:28  Supply Depot, Engineering Bay  
  26  3:34  Orbital Command  
  26  3:38  Refinery  
  26  3:41  Marine x2  
  28  3:51  Supply Depot  
  28  3:54  Starport  
  28  4:08  SCV x2  
  30  4:11  Barracks Tech Lab  
  30  4:12  Barracks Tech Lab  
  30  4:15  Barracks  
  30  4:20  Hellion x2  
  34  4:27  Missile Turret  
  34  4:40  Combat Shield  
  34  4:41  Hellion  
  34  4:42  Hellion, Stimpack  
  38  4:56  Starport Reactor  
  38  5:03  Engineering Bay  
  38  5:04  Barracks Reactor  
  38  5:16  SCV  
  38  5:17  SCV  
  40  5:22  Supply Depot  
  40  5:26  Missile Turret  
  40  5:29  SCV x2  
  40  5:30  Supply Depot  
  40  5:35  Marauder x2  
  46  5:54  Supply Depot  
  46  6:04  SCV x2  
  46  6:08  Marauder x2, Marine x2  
  54  6:11  Medivac x2  
  54  6:15  Widow Mine  
  54  6:16  SCV x2  
  54  6:17  Supply Depot, Widow Mine  
  64  6:26  Marine x2  
  64  6:28  SCV x2  
  68  6:35  Concussive Shells  
  68  6:37  Marauder x2  
  72  6:40  SCV  
  72  6:44  Widow Mine x2, Marine x2  
  72  6:46  Medivac x2  
  83  7:06  Marauder x2, Marine x2  
  89  7:16  Supply Depot  
  89  7:24  Marine x2  
  89  7:27  Marauder  
  89  7:28  Marauder  
  87  7:40  Supply Depot  
  87  7:42  Marine x2  
  89  7:49  Marauder, Marine  
  88  8:02  Marine  
  88  8:03  Marine  
  88  8:05  Command Center  
  90  8:07  Medivac x2, Marauder  
  90  8:10  Marauder  
  98  8:14  Factory  
  98  8:20  Marine  
  98  8:21  Marine  
  98  8:22  Starport  
  100  8:28  Marauder  
  100  8:29  SCV x2  
  100  8:30  Refinery  
  100  8:31  Marine  
  105  8:38  Marine x2  
  107  8:41  SCV  
  107  8:42  SCV  
  109  8:49  Marine  
  110  9:05  Supply Depot  
  110  9:08  Sensor Tower  
  110  9:16  SCV  
  111  9:28  Supply Depot  
  111  9:29  Supply Depot  
  94  9:45  Marine x2  
  88  9:46  Marauder x2  
  88  9:51  Supply Depot  
  92  9:53  Supply Depot  
  92  10:03  Marine x2  
  92  10:06  Marine  
  93  10:07  Marauder  
  86  10:15  Supply Depot  
  86  10:19  Medivac x2  
  86  10:21  Marine x2  
  89  10:24  Marine  
  91  10:29  Marauder  
  91  10:32  Orbital Command  
  91  10:34  SCV x2  
  95  10:38  Supply Depot  
  95  10:39  Marine x2  
  95  10:42  Marine  
  98  10:46  SCV x2  
  100  10:54  Barracks x2  
  100  11:06  Factory Tech Lab  
  100  11:07  Starport Tech Lab  
  100  11:08  Command Center  
  100  11:22  Marine x2  
  100  11:23  Marauder x2  
  106  11:33  SCV x3  
  109  11:40  Supply Depot, Marine x2  
  109  11:44  Marauder, Marine  
  109  11:45  SCV x3  
  103  11:57  SCV x3  
  103  11:58  Marine x2  
  108  12:02  Marauder  
  108  12:05  Marauder, Liberator x2  
  108  12:06  Liberator  
  121  12:09  SCV x2  
  121  12:11  Barracks Reactor  
  123  12:16  Marine x2  
  123  12:17  Barracks Tech Lab  
  125  12:23  Marauder  
  125  12:24  Refinery  
  125  12:25  Supply Depot  
  125  12:26  Supply Depot, Refinery  
  125  12:27  Marauder  
  129  12:44  Marine  
  129  12:46  Siege Tank  
  129  12:48  Medivac x2, Marine  
  138  12:56  SCV x2  
  138  12:57  SCV  
  141  13:03  Planetary Fortress, Marauder  
  143  13:06  Marauder  
  145  13:18  Siege Tank  
  145  13:19  Terran Infantry Weapons Level 1, Starport  
  148  13:20  Terran Infantry Armor Level 1  
  148  13:23  Liberator  
  148  13:24  Marauder, Liberator  
  156  13:56  Starport  
  156  14:06  Liberator x2  
  76  14:29  Marauder, Marine x4  
  76  14:30  Marauder x2  
  86  14:38  Siege Tank  
  89  14:47  Marine x3  
  89  14:51  Marauder x3  
  89  14:52  Liberator x2  
  100  14:53  Liberator  
  103  15:05  Starport Tech Lab x2  
  103  15:10  Siege Tank  
  106  15:33  Armory  
  106  15:34  Liberator  
  106  15:35  Liberator  
  112  15:58  Marauder x3, Marine x4  
Show
View Real Time Build Order
Export as new Build Order

kers Protoss - Winner!

Build Orders:  

Get SALT Encoding   

  12  0:01  Probe  
  13  0:13  Probe  
  14  0:17  Pylon  
  14  0:25  Probe  
  15  0:37  Probe  
  15  0:42  Gateway  
  16  0:49  Probe (Chrono Boost)  
  17  0:50  Assimilator  
  17  1:00  Probe (Chrono Boost)  
  18  1:05  Probe (Chrono Boost)  
  19  1:15  Probe  
  20  1:27  Probe  
  20  1:31  Cybernetics Core  
  21  1:39  Probe  
  22  1:51  Nexus  
  22  1:52  Probe  
  23  1:57  Pylon  
  23  2:10  Warp Gate (Chrono Boost)  
  23  2:14  Adept (Chrono Boost)  
  23  2:15  Probe  
  26  2:23  Gateway  
  26  2:28  Probe  
  27  2:35  Stalker  
  27  2:40  Probe, Pylon  
  29  2:52  Probe  
  30  3:01  Assimilator  
  30  3:04  Probe x2  
  32  3:12  Stalker  
  34  3:16  Probe, Sentry  
  34  3:17  Probe  
  38  3:28  Probe  
  38  3:29  Probe  
  40  3:39  Robotics Facility  
  40  3:40  Probe  
  40  3:41  Probe  
  42  3:52  Probe  
  42  3:53  Probe  
  44  3:56  Assimilator  
  44  4:01  Assimilator  
  44  4:03  Forge  
  44  4:04  Probe  
  44  4:05  Probe  
  44  4:07  Twilight Council  
  44  4:09  Stalker  
  48  4:16  Probe  
  49  4:17  Probe  
  49  4:22  Stalker  
  52  4:29  Probe x2  
  54  4:40  Pylon  
  54  4:41  Pylon  
  54  4:44  Protoss Ground Weapons Level 1 (Chrono Boost)  
  54  4:46  Charge  
  54  4:49  Pylon  
  54  4:58  Probe x2, Observer (Chrono Boost)  
  57  5:10  Probe x2  
  57  5:11  Gateway  
  57  5:12  Gateway  
  59  5:15  Gateway  
  59  5:16  Gateway  
  59  5:22  Probe x2  
  59  5:26  Photon Cannon  
  61  5:31  Photon Cannon  
  61  5:32  Photon Cannon  
  61  5:34  Probe x2  
  63  5:35  Sentry  
  62  5:46  Probe x2  
  57  5:59  Probe x2  
  59  6:06  Photon Cannon  
  60  6:11  Probe x2 (Chrono Boost)  
  60  6:17  Sentry, Templar Archives  
  63  6:23  Probe (Chrono Boost)  
  63  6:24  Probe (Chrono Boost)  
  65  6:26  Sentry x2  
  65  6:31  Probe x2 (Chrono Boost)  
  71  6:37  Probe x2  
  73  6:42  Protoss Ground Armor Level 1 (Chrono Boost)  
  73  6:46  Pylon  
  73  6:48  Pylon  
  73  6:49  Probe  
  73  6:50  Probe  
  73  6:51  Pylon  
  75  6:56  High Templar  
  75  6:57  Pylon  
  77  7:01  Probe  
  77  7:04  Probe  
  79  7:14  Probe, Pylon, Nexus  
  80  7:16  Probe  
  81  7:25  Assimilator  
  81  7:26  Probe, High Templar x2  
  81  7:27  Assimilator, High Templar  
  81  7:28  Probe  
  84  8:00  Probe x2  
  86  8:10  Photon Cannon  
  86  8:12  Probe x2  
  88  8:15  Photon Cannon  
  88  8:22  High Templar x3  
  88  8:24  Probe x2, Pylon  
  88  8:26  Archon  
  88  8:27  Pylon  
  96  8:33  Archon  
  96  8:34  Archon  
  96  8:42  Probe x2  
  96  8:44  Probe  
  99  8:49  Photon Cannon  
  99  8:51  Photon Cannon  
  99  8:52  Immortal  
  99  8:54  Probe x2  
  105  8:55  Photon Cannon  
  105  8:56  Probe, High Templar x4  
  114  9:03  Psionic Storm  
  114  9:06  Probe x2  
  114  9:08  Probe  
  117  9:26  Archon x2  
  117  9:31  Immortal, High Templar x2  
  103  9:33  Zealot x4  
  103  9:36  Archon  
  91  9:54  Zealot x3  
  93  10:02  Gateway  
  93  10:03  Gateway  
  93  10:04  Gateway  
  90  10:07  Gateway  
  90  10:08  Zealot x3  
  90  10:09  Gateway  
  90  10:10  Gateway  
  90  10:11  Observer  
  91  10:24  Probe x2  
  91  10:25  Probe  
  94  10:32  Sentry  
  94  10:34  High Templar x4  
  104  10:36  Probe  
  104  10:37  Probe x2  
  104  10:38  Archon x2  
  104  10:41  Immortal (Chrono Boost)  
  111  10:44  Phoenix  
  111  10:48  Probe  
  111  10:49  Probe x2  
  114  10:55  Protoss Ground Weapons Level 2 (Chrono Boost)  
  114  11:03  High Templar  
  116  11:05  Zealot x4  
  124  11:15  Zealot x2  
  128  11:21  High Templar  
  130  11:26  Photon Cannon  
  130  11:28  Photon Cannon  
  130  11:31  Shield Battery, Photon Cannon  
  130  11:38  Stalker x2  
  126  11:54  High Templar x2  
  126  11:56  Zealot  
  126  11:57  Zealot x4  
  140  12:05  Pylon  
  140  12:06  Pylon, Archon  
  140  12:08  Pylon, High Templar x2  
  140  12:10  Pylon  
  144  12:21  Probe x3  
  147  12:26  Archon  
  147  12:33  Probe x3  
  147  12:34  Archon  
  150  12:37  High Templar x4  
  150  12:39  Zealot  
  150  12:40  Zealot x4  
  150  12:41  Warp Prism (Chrono Boost)  
  170  13:05  Shield Battery  
  170  13:08  Shield Battery  
  170  13:09  Observer  
  170  13:10  Shield Battery, High Templar x2  
  175  13:26  Pylon  
  175  13:27  Pylon  
  175  13:29  Pylon  
  175  13:30  Pylon  
  175  13:31  Pylon  
  175  13:35  Zealot x3  
  181  13:45  Observer  
  182  13:52  Zealot x3  
  182  13:53  Zealot x6  
  194  14:14  Archon x2  
  194  14:15  Archon  
  142  14:28  High Templar x7  
  142  14:30  Zealot  
  142  14:31  Zealot x4  
  160  14:36  Archon  
  160  14:37  Archon x2  
  164  14:43  Immortal  
  168  14:52  Zealot x2  
  168  14:53  Zealot x3  
  176  15:16  High Templar  
  176  15:17  High Templar  
  180  15:31  Nexus  
  180  15:33  Pylon  
  180  15:35  Pylon  
  180  15:41  High Templar  
  180  15:42  High Templar x3  
  154  16:14  Zealot x7  
  154  16:15  Zealot x2  
Tags
 
Add a new tag
Caveats
  • Supply blocks, unpowered buildings, or Contaminate may cause inaccurate times.
  • Supply counts are checked every 10 seconds.